 Dungeon Crawl Stone Soup version 0.24-a0-445-gd5110b030a (webtiles) character file.

Game seed: 10005837140255078895

1982 Krouwed the Bolt Thrower (level 9, -5/68 HPs)
             Began as a Human Hunter on June 22, 2019.
             Was a Follower of Yredelemnul.
             Hit by a boomerang thrown by an orc warrior (14 damage)
             ... on level 6 of the Dungeon.
             The game lasted 00:43:18 (8569 turns).

Krouwed the Bolt Thrower (Human Hunter)             Turns: 8569, Time: 00:43:19

Health: -5/68      AC:  6    Str: 15    XL:     9   Next: 44%
Magic:  10/10      EV: 15    Int: 14    God:    Yredelemnul [*.....]
Gold:   326        SH:  0    Dex: 15    Spells: 8/8 levels left

rFire    + . .     SeeInvis .   b - +3 rapier (vamp)
rCold    + . .     Gourm    .   (no shield)
rNeg     . . .     Faith    .   x - +2 robe {rC+ rF+}
rPois    .         Spirit   .   h - +0 helmet
rElec    .         Reflect  .   B - +0 cloak
rCorr    .         Harm     .   (no gloves)
MR       .....                  (no boots)
Stlth    ++........             (no amulet)
HPRegen  0.21/turn              k - +3 ring of intelligence
MPRegen  0.12/turn              (no ring)

@: lightly drained
A: no striking features
a: Animate Remains, Renounce Religion


You were on level 6 of the Dungeon.
You worshipped Yredelemnul.
Yredelemnul was aware of your devotion.
You were hungry.

You visited 2 branches of the dungeon, and saw 8 of its levels.

You collected 396 gold pieces.
You spent 70 gold pieces at shops.

Inventory:

Hand Weapons
 a - a +1 hand crossbow
 b - a +3 vampiric rapier (weapon)
 j - a +2 falchion
 A - a +1 short sword of draining
Missiles
 d - 20 bolts
 m - 35 poisoned darts (quivered)
Armour
 h - a +0 helmet (worn)
 x - a +2 robe of resistance (worn)
 B - a +0 cloak (worn)
Jewellery
 k - a +3 ring of intelligence (left hand)
 n - an uncursed ring of ice
Wands
 q - a wand of flame (54)
 C - a wand of acid (1)
Scrolls
 i - a scroll of enchant armour {unknown}
 l - 3 scrolls of teleportation
 o - 2 scrolls of immolation {unknown}
 p - 2 scrolls of enchant weapon {unknown}
 s - 4 scrolls of amnesia
 t - 2 scrolls of magic mapping {unknown}
 w - a scroll of random uselessness {unknown}
 y - a scroll of blinking {unknown}
 z - 4 scrolls of remove curse
Potions
 c - 3 potions of mutation
 e - 2 potions of magic
 g - a potion of ambrosia {unknown}
 r - 3 potions of degeneration
 u - a potion of curing
 D - a potion of flight {unknown}
Comestibles
 f - 13 rations


   Skills:
 + Level 5.5(5.3) Fighting
 + Level 5.1(4.9) Short Blades
 + Level 6.6(6.3) Crossbows
 - Level 4.1(3.8) Armour
 + Level 5.7(5.4) Dodging
 - Level 1.0(0.7) Stealth
 + Level 2.2(2.0) Invocations


You had 8 spell levels left.
You didn't know any spells.
Your spell library was empty.

Dungeon Overview and Level Annotations

Branches:
Dungeon (7/15)             Temple (1/1) D:4

Altars:
Ashenzari
Cheibriados
Dithmenos
Elyvilon
Fedhas
Gozag
Hepliaklqana
Kikubaaqudgha
Makhleb
Nemelex Xobeh
Okawaru
Qazlal
Ru
Sif Muna
Trog
Uskayaw
Vehumet
Wu Jian
Xom
Yredelemnul
Zin
The Shining One
Beogh

Shops:
D:5 ?

Annotations:
D:6 3 runed translucent doors, exclusion: door, iamserjio's ghost, novice OpWn


Message History

Press: ? - help, Shift-Dir - straight line The puff of flame hits something.
Something hits you.
* * * LOW HITPOINT WARNING * * *
Something hits you.
* * * LOW HITPOINT WARNING * * *
As you read the scroll of teleportation, it crumbles to dust.
You feel strangely unstable. Something hits you but does no damage.
Something hits you but does no damage.
Your surroundings suddenly seem different.
Found a stone staircase leading up and a stone staircase leading down.
There is a stone staircase leading up here.
You climb upwards.
Level annotation: 3 runed translucent doors, exclusion: door, iamserjio's ghost, novice OpWn Reactivating autopickup. 2 orc warriors and 2 rust devils come into view.
An orc warrior is wielding a +1 mace of holy wrath.
An orc warrior is wielding a +2 hand axe of electrocution.
The rust devil screeches!
The orc warrior shouts! x2
The orc warrior throws a boomerang.
The boomerang hits you!
You die...
Your body rises from the dead as a mindless zombie.

#####....# ##.### ##.........
#.....#########..#######.........
..<..............................
########...###...Z...............
#..### ###..##.#...#.....#.
#######.##)#+#)##......#.#####.#.
........#♣.....♣#...####.# #...
.......##.4.....##.......######..
.......# .4.8o..@#..####.........
.......##...o...##...###.######..
........#♣.....♣#..#.....#####..#
#.......##)#+#)##....#.........##
#........### ###..##..........###
#..........###...#####..........#
#.......>......### #...........
#...........#### #.......####
#.........### #.......# #


You could see 2 rust devils and 2 orc warriors.

Vanquished Creatures
  Eustachio (D:6)
  Duvessa (D:6)
  An orc warrior (D:6)
  2 ogres (D:6)
  A phantom (D:6)
  A centaur (D:4)
  A big kobold (D:7)
  Blork the orc (D:5)
  A bullfrog (D:6)
  A wyvern zombie (D:6)
  A scorpion (D:6)
  Dowan (D:6)
  4 wights (D:6)
  5 crimson imps
  2 howler monkeys
  A centaur zombie (D:7)
  3 hounds
  A centaur skeleton (D:4)
  2 orc priests
  An iguana (D:6)
  An orc wizard (D:6)
  3 worker ants (D:6)
  5 adders
  4 gnolls (D:6)
  2 shadow imps (D:5)
  An ooze (D:5)
  2 adder skeletons
  2 worms (D:2)
  3 dart slugs
  4 orcs
  3 ball pythons
  4 giant cockroaches
  8 goblins
  8 hobgoblins
  4 jackals (D:1)
  10 kobolds
  4 quokkas
  3 bats
  9 frilled lizards
  A jackal skeleton (D:5)
  A leopard gecko skeleton (D:6)
  A leopard gecko zombie (D:6)
  6 rats
121 creatures vanquished.

Vanquished Creatures (collateral kills)
  An ice beast (D:6)
1 creature vanquished.

Grand Total: 122 creatures vanquished

Notes
Turn   | Place    | Note
-------+----------+-------------------------------------------
     0 | D:1      | Krouwed the Human Hunter began the quest for the Orb.
     0 | D:1      | Reached XP level 1. HP: 16/16 MP: 1/1
   168 | D:1      | Reached XP level 2. HP: 21/22 MP: 2/2
   751 | D:1      | Reached skill level 1 in Short Blades
   778 | D:1      | Reached XP level 3. HP: 27/27 MP: 3/3
  1848 | D:2      | Reached XP level 4. HP: 15/34 MP: 4/4
  2332 | D:3      | Reached skill level 1 in Armour
  2332 | D:3      | Reached XP level 5. HP: 32/40 MP: 5/5
  2677 | D:3      | Found a shattered altar of Ashenzari.
  3293 | D:4      | Found a staircase to the Ecumenical Temple.
  3302 | Temple   | Entered the Ecumenical Temple
  3324 | Temple   | Became a worshipper of Yredelemnul the Dark
  3946 | D:4      | Noticed an ogre
  4300 | D:4      | Noticed a centaur
  4309 | D:4      | Killed a centaur
  4309 | D:4      | Reached XP level 6. HP: 11/47 MP: 6/6
  4848 | D:5      | Entered Level 5 of the Dungeon
  4941 | D:5      | Reached skill level 5 in Crossbows
  5185 | D:5      | Reached XP level 7. HP: 52/52 MP: 7/7
  5216 | D:5      | Noticed Blork the orc
  5220 | D:5      | Killed Blork the orc
  5450 | D:5      | Found Iloozass's Magic Scroll Shoppe.
  5480 | D:5      | Bought a scroll of identify for 28 gold pieces
  5480 | D:5      | Bought a scroll of remove curse for 42 gold pieces
  5759 | D:6      | Reached XP level 8. HP: 52/60 MP: 8/8
  6603 | D:6      | Noticed Eustachio
  6828 | D:6      | Found a runed translucent gate.
  6829 | D:6      | Found a runed translucent gate.
  6829 | D:6      | Noticed iamserjio's ghost (novice OpWn)
  6830 | D:6      | Found a runed translucent gate.
  6837 | D:6      | Found a roughly hewn altar of Beogh.
  6874 | D:6      | Killed Eustachio
  7005 | D:6      | Reached skill level 6 in Crossbows
  7005 | D:6      | Reached skill level 5 in Dodging
  7249 | D:6      | Reached * piety under Yredelemnul
  7330 | D:6      | Reached XP level 9. HP: 66/67 MP: 9/9
  7340 | D:6      | Reached skill level 5 in Fighting
  7356 | D:6      | Noticed Dowan
  7386 | D:6      | Noticed Duvessa
  7751 | D:6      | Killed Dowan
  7752 | D:6      | Killed Duvessa
  7752 | D:6      | Reached skill level 1 in Invocations
  7973 | D:6      | Reached skill level 5 in Short Blades
  8569 | D:6      | Noticed a rust devil
  8569 | D:6      | Noticed a rust devil
  8569 | D:6      | Hit by a boomerang thrown by an orc warrior

Levels and vault maps discovered:
D:1:      dpeg_arrival_simpleton_b, layout_basic, minmay_stone_trees_medium
D:2:      layout_loops_ring
D:3:      layout_basic, overflow_temple_1_default, first_ration
D:4:      layout_cave_pods, minmay_temple_entry_ruins, serial_bayou,
          serial_bayou_lake_a, serial_bayou_lagoon_b, serial_bayou_shore_b,
          serial_bayou_lagoon_a, st_stairs_6
D:5:      layout_loops_ring, serial_shops, shop, hangedman_decor_diamond_cutter,
          uniq_blork_the_orc
D:6:      cheibrodos_iron_armory, layout_rooms, biasface_ghost_orc_armoury,
          minmay_misc_feat_square, grunt_ministairs_2, uniq_eustachio,
          uniq_duvessa
D:7:      layout_basic, chequers_serial_rivers_room_b, uniq_harold
Temple:   nicolae_temple_the_god_donut

Skill      XL: |  1  2  3  4  5  6  7  8  9 |
---------------+----------------------------+-----
Short Blades   | 1 2 3 4 5 |  5.1
Armour         | 1 2 4 |  4.1
Dodging        | 3 4 5 |  5.7
Fighting       | 3 4 5 |  5.5
Crossbows      | 5 6 |  6.6
Invocations    | 2 |  2.2
Stealth        | |  1.0

Action                   |  1- 3 |  4- 6 |  7- 9 || total
-------------------------+-------+-------+-------++-------
Melee: Short sword       |    80 |    46 |    21 ||   147
       Rapier            |       |       |   119 ||   119
 Fire: Hand crossbow     |    14 |    72 |   172 ||   258
Throw: Dart              |    33 |    30 |    41 ||   104
Invok: Animate Remains   |       |       |     1 ||     1
Evoke: Wand              |       |       |    13 ||    13
  Use: Scroll            |     2 |     4 |    11 ||    17
       Potion            |       |       |     3 ||     3
 Stab: Sleeping          |     3 |     1 |       ||     4
  Eat: Chunk             |     3 |     7 |    10 ||    20
       Ration            |       |     1 |       ||     1
Armor: Leather armour    |    15 |    11 |     7 ||    33
       Robe              |       |       |    56 ||    56
Dodge: Dodged            |    43 |    59 |   190 ||   292

Table legend:
 A = Non-vault XP
 B = Vault XP
 C = Vault XP percentage of total XP
 D = Non-vault monster count
 E = Vault monster count
 F = Vault count percentage of total count
                 A         B        C        D         E       F
            +---------+---------+-------+---------+---------+-------
      Total |    2284 |     548 |  19.4 |     116 |       6 |   4.9
            +---------+---------+-------+---------+---------+-------
        D:1 |      33 |       0 |   0.0 |      18 |       0 |   0.0
        D:2 |      42 |       0 |   0.0 |      19 |       0 |   0.0
        D:3 |     133 |       0 |   0.0 |      25 |       0 |   0.0
        D:4 |     157 |      43 |  21.5 |       5 |       1 |  16.7
        D:5 |     222 |      96 |  30.2 |      10 |       1 |   9.1
        D:6 |    1498 |     409 |  21.4 |      33 |       4 |  10.8
        D:7 |     199 |       0 |   0.0 |       6 |       0 |   0.0
            +---------+---------+-------+---------+---------+-------
